 Dungeon Crawl Stone Soup version 0.21-a0-39-g28ea6b7 (webtiles) character file.

4816 KristoblXynda the Covert (level 10, -7/44 HPs)
             Began as a Spriggan Enchanter on June 1, 2017.
             Was a Follower of Uskayaw.
             Shot with an arrow by a centaur (18 damage)
             ... on level 8 of the Dungeon.
             The game lasted 00:23:53 (10186 turns).

KristoblXynda the Covert (Spriggan Enchanter)      Turns: 10186, Time: 00:23:54

Health: -7/44      AC:  2    Str:  5 (6)  XL:     10   Next: 24%
Magic:  18/24      EV: 18    Int: 18 (19) God:    Uskayaw [*.....]
Gold:   460        SH:  0    Dex: 16      Spells: 22/27 levels left

rFire    . . .     SeeInvis +   o - +3 short sword (holy)
rCold    + . .     Gourm    .   (shield restricted)
rNeg     . . .     Faith    .   b - +1 robe
rPois    +         Spirit   .   (helmet restricted)
rElec    +         Reflect  .   (no cloak)
rCorr    .         Harm     .   (gloves unavailable)
MR       +....                  (boots unavailable)
Stlth    +++++.....             (no amulet)
Regen    0.2/turn               k - ring of protection from cold
MPRegen  0.2/turn               x - ring of poison resistance

@: very quick
A: unfitting armour, see invisible, deformed body, deterioration 2, herbivore 3,
speed 3, electricity resistance, slow metabolism 2
a: Stomp, Renounce Religion


You were on level 8 of the Dungeon.
You worshipped Uskayaw.
Uskayaw was noncommittal.
You were not hungry.

You visited 2 branches of the dungeon, and saw 9 of its levels.
You also visited: Ossuary.

You collected 592 gold pieces.
You spent 132 gold pieces at shops.

Inventory:

Hand Weapons
 i - a +0 short sword of venom
 o - a +3 short sword of holy wrath (weapon)
Armour
 b - a +1 robe (worn)
Jewellery
 k - a ring of protection from cold (left hand)
 q - an uncursed ring of flight
 x - a ring of poison resistance (right hand)
Wands
 y - a wand of lightning (4/15)
 C - a wand of iceblast (1/15)
Scrolls
 a - 3 scrolls of immolation
 n - 2 scrolls of remove curse
 u - a scroll of blinking
 v - a scroll of identify
 w - a scroll of fog
Potions
 d - 3 potions of might
 g - 3 potions of invisibility
 h - a potion of agility
 j - a potion of resistance
 l - a potion of magic
 m - 2 potions of flight
 r - 2 potions of cancellation
 s - a potion of lignification
 t - 2 potions of brilliance
 B - a potion of berserk rage
Books
 c - a book of Maledictions

   Spells                             Type                      Level
   a - Corona                         Hexes                        1
   b - Ensorcelled Hibernation        Hexes/Ice                    2
   c - Confuse                        Hexes                        3
   d - Tukima's Dance                 Hexes                        3
   e - Dazzling Spray                 Conjuration/Hexes            3
Comestibles
 f - 4 bread rations
 z - 2 fruits
 A - 6 royal jellies


   Skills:
 + Level 7.6 Short Blades
 - Level 3.0 Dodging
 + Level 12.6 Stealth
 + Level 9.3 Spellcasting
 + Level 10.2 Hexes


You had 22 spell levels left.
You knew the following spells:

 Your Spells              Type           Power        Failure   Level  Hunger
b - Ensorcelled Hibernat  Hex/Ice        ####..       1%          2    None
c - Confuse               Hex            #####...     1%          3    None


Dungeon Overview and Level Annotations

Branches:
Dungeon (8/15)             Temple (1/1) D:6            Lair (0/6) D:8

Altars:
Ashenzari
Cheibriados
Dithmenos
Elyvilon
Fedhas
Gozag
Hepliaklqana
Kikubaaqudgha
Makhleb
Nemelex Xobeh
Okawaru
Qazlal
Ru
Sif Muna
Trog
Uskayaw
Vehumet
Wu Jian
Xom
Yredelemnul
Zin
The Shining One

Shops:
D:5 !


Innate Abilities, Weirdness & Mutations

You are very small and have problems with some larger weapons.
You are too small for most types of armour.
You have supernaturally acute eyesight. (SInv)
You are a herbivore.
You cover ground extremely quickly.
You need consume almost no food.
Armour fits poorly on your strangely shaped body.
Your body often deteriorates upon taking damage.
You are resistant to electric shocks. (rElec)


Message History

Aiming: Ensorcelled Hibernation
Press: ? - help, Shift-Dir - straight line, f/p - yak
Aim: a yak (chance to defeat MR: 55%)
The yak looks drowsy...
The helpless yak fails to defend itself.
You stick the yak like a pincushion!!!
You kill the yak!
Casting: Ensorcelled Hibernation
Confirm with . or Enter, or press ? or * to list all spells.
Aiming: Ensorcelled Hibernation
Press: ? - help, Shift-Dir - straight line, f - yak
Aim: a yak (chance to defeat MR: 55%)
The yak looks drowsy...
The howler monkey hoots and howls with incredible vigour!
You hear an angry hiss.
You hear a bark!
The helpless yak fails to defend itself.
You skewer the yak like a kebab!!!
You kill the yak!
The centaur shoots an arrow.
The arrow hits you!!
You die...

..#####.....(.#
#.().##.......#
####..#.......#
##.#######.#.# #..#
#$(Y..# ##.#
#.#Y### #.# ##†#.#
#.###..#Y#####
#....?..hc(@.#
.####..###.###..#
#................#
######.###....[#..#
#.# #.....#..# .h#
#.(...##.. ####
#.....# #.. ......#
#.. .....#


You could see a yak, a centaur and a howler monkey.

Vanquished Creatures
  A two-headed ogre (D:7)
  The ghost of KristoblXynda the Conjurer, a novice DrCj of Cheibriados (D:6)
  Grinder (D:4)
  5 yaks
  2 hogs (D:7)
  A human (D:7)
  A hell hound (D:8)
  An ice beast (D:7)
  3 orc warriors
  A sky beast (D:5)
  A black bear (D:7)
  A big kobold (D:7)
  2 elf zombies (D:6)
  2 bullfrogs (D:7)
  A water moccasin zombie (D:6)
  2 elf skeletons (D:6)
  2 scorpions (D:6)
  3 wights (D:5)
  A howler monkey (D:4)
  A human zombie (D:6)
  A jelly (D:5)
  2 bullfrog zombies
  3 orc priests
  4 hounds
  9 orc wizards
  A human skeleton (D:6)
  3 worker ants
  An iguana (D:7)
  8 mummies (Ossuary)
  2 worker ant zombies
  6 adders
  An adder zombie (D:7)
  An ooze (D:2)
  3 worms
  2 leopard geckos (D:2)
  22 orcs
  8 bats
  7 giant cockroaches
  3 gnoll zombies (Ossuary)
  11 goblins
  10 hobgoblins
  5 jackals
  11 kobolds
  4 quokkas
  2 ball pythons (D:6)
  6 frilled lizards
  A hobgoblin zombie (Ossuary)
  A jackal zombie (D:4)
  2 kobold zombies (Ossuary)
  4 orc skeletons (D:6)
  3 orc zombies
  A quokka skeleton (D:4)
  2 quokka zombies (D:4)
  6 rats
189 creatures vanquished.

Vanquished Creatures (others)
  A jackal (D:8)
1 creature vanquished.

Grand Total: 190 creatures vanquished

Notes
Turn   | Place    | Note
-------+----------+-------------------------------------------
     0 | D:1      | KristoblXynda the Spriggan Enchanter began the quest for the Orb.
     0 | D:1      | Reached XP level 1. HP: 9/9 MP: 5/5
   182 | D:1      | Reached XP level 2. HP: 11/13 MP: 6/6
   230 | D:1      | Learned a level 2 spell: Ensorcelled Hibernation
   736 | D:2      | Found a shimmering altar of Xom.
   764 | D:2      | Reached skill level 5 in Stealth
  1468 | D:2      | Reached XP level 3. HP: 16/16 MP: 5/8
  1473 | D:2      | Learned a level 3 spell: Confuse
  1476 | D:2      | Found a snail-covered altar of Cheibriados.
  1476 | D:2      | Found an iron altar of Okawaru.
  1501 | D:2      | Found a hazy altar of Hepliaklqana.
  1554 | D:2      | Found a faded altar of an unknown god.
  1555 | D:2      | Found a faded altar of an unknown god.
  1756 | D:2      | Found a radiant altar of Vehumet.
  2211 | D:2      | Reached XP level 4. HP: 8/21 MP: 3/10
  2516 | D:2      | Found a sacrificial altar of Ru.
  2870 | D:3      | Found a blossoming altar of Fedhas.
  2870 | D:3      | Found a stormy altar of Qazlal.
  2875 | D:3      | Noticed Grinder
  3348 | D:3      | Reached skill level 6 in Stealth
  3348 | D:3      | Reached skill level 5 in Hexes
  3575 | D:3      | Found a basalt altar of Yredelemnul.
  3583 | D:3      | Reached XP level 5. HP: 24/24 MP: 12/12
  3626 | D:3      | Found an ancient bone altar of Kikubaaqudgha.
  4088 | D:4      | Killed Grinder
  4088 | D:4      | Reached skill level 7 in Stealth
  4088 | D:4      | Reached XP level 6. HP: 28/28 MP: 12/14
  4452 | D:4      | Reached skill level 5 in Spellcasting
  4501 | D:4      | Found a hide-covered altar of Uskayaw.
  4586 | D:4      | Became a worshipper of Uskayaw the Reveler
  4752 | D:4      | Reached XP level 7. HP: 32/32 MP: 12/15
  4752 | D:4      | Reached * piety under Uskayaw
  4767 | D:4      | Reached ** piety under Uskayaw
  4843 | D:5      | Entered Level 5 of the Dungeon
  4965 | D:5      | Reached skill level 8 in Stealth
  5121 | D:5      | Reached *** piety under Uskayaw
  5270 | D:5      | Found Qone's Distillery.
  5278 | D:5      | Bought a potion of lignification for 36 gold pieces
  5278 | D:5      | Bought a potion of mutation for 96 gold pieces
  5278 | D:5      | Gained mutation: You occasionally shout uncontrollably at your foes. [potion of mutation]
  5278 | D:5      | Gained mutation: You have an increased reservoir of magic. (+10% MP) [potion of mutation]
  5283 | D:5      | Lost mutation: You have an increased reservoir of magic. (+10% MP) [potion of mutation]
  5283 | D:5      | Gained mutation: Your body sometimes deteriorates upon taking damage. [potion of mutation]
  5283 | D:5      | Gained mutation: You can translocate small distances at will. [potion of mutation]
  6153 | D:5      | Found a deep blue altar of Sif Muna.
  6205 | D:6      | Found a sand-covered staircase.
  6210 | Ossuary  | Entered an ossuary
  6218 | Ossuary  | Reached XP level 8. HP: 36/36 MP: 14/18
  6268 | Ossuary  | Lost mutation: You can translocate small distances at will. [potion of mutation]
  6268 | Ossuary  | Lost mutation: You occasionally shout uncontrollably at your foes. [potion of mutation]
  6268 | Ossuary  | Gained mutation: Armour fits poorly on your strangely shaped body. [potion of mutation]
  6268 | Ossuary  | Gained mutation: Your body often deteriorates upon taking damage. [potion of mutation]
  6268 | Ossuary  | Gained mutation: You are resistant to electric shocks. (rElec) [potion of mutation]
  6350 | Ossuary  | Reached **** piety under Uskayaw
  6369 | Ossuary  | Reached skill level 9 in Stealth
  7046 | D:6      | Noticed KristoblXynda's ghost (novice DrCj)
  7067 | D:6      | Killed KristoblXynda's ghost
  7067 | D:6      | Reached skill level 5 in Short Blades
  7067 | D:6      | Reached skill level 10 in Stealth
  7436 | D:6      | Found a staircase to the Ecumenical Temple.
  7511 | D:6      | Reached XP level 9. HP: 25/39 MP: 14/21
  7697 | Temple   | Entered the Ecumenical Temple
  7841 | D:7      | Noticed a two-headed ogre
  7854 | D:7      | Killed a two-headed ogre
  7854 | D:7      | Reached skill level 11 in Stealth
  8980 | D:7      | Reached skill level 12 in Stealth
  9662 | D:7      | Reached XP level 10. HP: 37/44 MP: 23/23
 10003 | D:8      | Found a hide-covered altar of Uskayaw.
 10039 | D:8      | Found a staircase to the Lair.
 10077 | D:8      | Reached skill level 10 in Hexes
 10158 | D:8      | HP: 2/44 [yak (13)]
 10186 | D:8      | Shot with an arrow by a centaur

Vault maps used:
D:1:      lightli_arrival_statue_moat, bh_walls_and_bars
D:2:      lemuel_round_altar, nicolae_ru_path_of_blood,
          chequers_temple_overflow_minitemple, xom_teletrap_fun
D:3:      grunt_temple_overflow_forces_of_nature, lemuel_round_altar,
          kiku_gazebo_garden_becter, first_bread, uniq_grinder
D:4:      eat_drink_and_be_merry_uskayaw, serial_undead, serial_undead_a,
          serial_undead_b, serial_undead_d, serial_undead_a,
          minmay_misc_feat_cross
D:5:      lemuel_blue_sif_altar, serial_shops, shop
D:6:      minmay_temple_entry_statues, nicolae_ossuary_entry_catacombs,
          portal_sewer_entry_b
D:7:      black_bear_nest_2, grunt_livestock
D:8:      minmay_lair_entry_lava, basic_altar, serial_shops,
          nicolae_shop_competitors_out_of_business
Temple:   cyrus_temple_forest
Ossuary:  ossuary_tomb_3

Skill      XL: |  1  2  3  4  5  6  7  8  9 10 |
---------------+-------------------------------+-----
Hexes          | 4 5 6 7 8 9 10 | 10.2
Spellcasting   | 3 4 5 6 7 8 9 |  9.3
Stealth        | 5 6 7 8 10 12 | 12.6
Short Blades   | 2 4 5 7 |  7.6
Dodging        | |  3.0

Action                   |  1- 3 |  4- 6 |  7- 9 | 10-12 || total
-------------------------+-------+-------+-------+-------++-------
Melee: Dagger            |   155 |       |       |       ||   155
       Short sword       |     9 |   148 |   302 |    48 ||   507
 Cast: Ensorcelled Hiber |    32 |     5 |    30 |    10 ||    77
       Confuse           |       |     8 |    30 |     4 ||    42
  Use: Scroll            |     5 |     7 |    12 |     3 ||    27
       Potion            |       |     1 |     7 |     1 ||     9
 Stab: Sleeping          |    21 |    13 |    29 |     7 ||    70
       Distracted        |       |     1 |       |     2 ||     3
       Confused          |       |       |    18 |     2 ||    20
       Paralysed         |       |       |     5 |     1 ||     6
  Eat: Royal jelly       |     1 |       |     1 |       ||     2
       Bread ration      |       |     1 |       |       ||     1
       Fruit             |       |     1 |     4 |       ||     5
Armor: Robe              |    18 |    11 |    15 |     3 ||    47
Dodge: Dodged            |   197 |   116 |   220 |    47 ||   580
